 Dungeon Crawl Stone Soup version 0.28-a0-1555-g9ae15a6949 (webtiles) character file.

Game seed: 16543515574990032381

25 HallandMoats the Skirmisher (level 3, 0/33 HPs)
             Began as a Ghoul Monk on Jan 18, 2022.
             Slain by a bat (1 damage)
             ... on level 2 of the Dungeon.
             The game lasted 00:01:43 (1268 turns).

HallandMoats the Skirmisher (Ghoul Monk)            Turns: 1268, Time: 00:01:43

Health: 0/33       AC:  4    Str: 16    XL:     3   Next: 4%
Magic:  2/2        EV: 16    Int:  5    God:
Gold:   34         SH:  0    Dex: 11    Spells: 2/2 levels left

rFire   . . .      SeeInvis .     - Unarmed
rCold   + . .      Faith    .   (no shield)
rNeg    + + +      Spirit   .   a - +0 robe
rPois   ∞          Reflect  .   g - +0 helmet
rElec   .          Harm     .   (no cloak)
rCorr   .          Rampage  .   (no gloves)
Will    .....                   b - +0 pair of boots
Stlth   ++........              (no amulet)
HPRegen 0.00/turn               d - +4 ring of evasion
MPRegen 0.08/turn               (no ring)

@: inhibited regen, hasted, very quick
A: claws 1, cold resistance 1, negative energy resistance 3, inhibited
regeneration, torment resistance 2
a: no special abilities


You were on level 2 of the Dungeon.
You visited 1 branch of the dungeon, and saw 2 of its levels.

You collected 34 gold pieces.

Inventory:

Missiles
 h - 25 stones (quivered)
Armour
 a - a +0 robe (worn)
 b - a +0 pair of boots (worn)
 g - a +0 helmet (worn)
Jewellery
 d - a +4 ring of evasion (left claw)
Scrolls
 c - 3 scrolls of amnesia {unknown}
 e - a scroll of enchant weapon {unknown}


   Skills:
 * Level 3.7 Fighting
 * Level 1.1 Slings
 + Level 0.7 Armour
 + Level 2.8 Dodging
 - Level 2.1 Stealth
 - Level 3.2 Unarmed Combat


You had 2 spell levels left.
You didn't know any spells.
Your spell library was empty.

Dungeon Overview and Level Annotations

Branches:
Dungeon (2/15)

Altars:

Annotations:
D:2 Terence


Innate Abilities, Weirdness & Mutations

You thrive by killing the living.
You are immune to poison.
You have sharp fingernails.
Your flesh is cold resistant. (rC+)
You are immune to negative energy. (rN+++)
You do not regenerate when monsters are visible.
You are immune to unholy pain and torment.


Message History

Terence is heavily wounded.
Terence completely misses you.
Throw: 27 stones
Press: ? - help, Q - select action Shift-Dir - straight line, f/p - Terence
Aim: Terence, wielding a +0 hand axe and wearing a +0 scale mail (moderately wounded, 60% to hit)
You throw a stone. The stone barely misses Terence.
The stone closely misses the bat.
Terence hits you but does no damage.
Throw: 26 stones
Press: ? - help, Q - select action Shift-Dir - straight line, f/p - Terence
Aim: Terence, wielding a +0 hand axe and wearing a +0 scale mail (moderately wounded, 60% to hit)
You throw a stone.
The stone hits Terence but does no damage.
Terence is moderately wounded.
Terence barely misses you.
You completely miss Terence.
Terence is moderately wounded.
Terence barely misses you.
You scratch Terence but do no damage.
Terence is moderately wounded.
Terence completely misses you.
You claw Terence! Your claw misses Terence.
Terence is severely wounded.
Terence hits you with a +0 hand axe!
* * * LOW HITPOINT WARNING * * *
You scratch Terence but do no damage.
Terence is severely wounded.
Terence barely misses you.
You completely miss Terence.
Terence is severely wounded.
Terence completely misses you.
You scratch Terence.
Terence is almost dead.
Terence hits you with a +0 hand axe.
* * * LOW HITPOINT WARNING * * *
Terence hits you but does no damage.
It was a potion of haste.
You feel yourself speed up. The bat closely misses you.
Terence completely misses you. The bat hits you.
You die...

#......# ##.##.#.#
#.....#.# #...###.#
#. ....##♣♣.♣##.#
#.####.#.#♣♣P.♣..<#
#........♣♣PP.♣♣###
#....... ♣.P..PP#
.# #......♣♣♣♣@PP.♣
>..#......♣.Pb.♣♣P♣
..........♣♣.P@.♣♣♣
#.....@♣P..♣♣♣
#.......♣(♣♣
####.##..(#
#.###### ... #...


You could see Terence and a bat.

Vanquished Creatures
  2 dart slugs (D:1)
  3 bats (D:1)
  2 endoplasms
  A goblin (D:1)
  3 hobgoblins (D:1)
  2 kobolds (D:1)
  A quokka (D:1)
  A ball python (D:1)
  3 frilled lizards (D:1)
  2 rats (D:1)
20 creatures vanquished.

Vanquished Creatures (others)
  2 plants (D:2)
2 creatures vanquished.

Grand Total: 22 creatures vanquished

Notes
Turn   | Place    | Note
-------+----------+-------------------------------------------
     0 | D:1      | HallandMoats the Ghoul Monk began the quest for the Orb.
     0 | D:1      | Reached XP level 1. HP: 19/19 MP: 0/0
   208 | D:1      | Reached XP level 2. HP: 26/26 MP: 1/1
   360 | D:1      | Reached skill level 1 in Slings
   903 | D:1      | Reached XP level 3. HP: 33/33 MP: 2/2
  1223 | D:2      | Noticed Terence
  1263 | D:2      | HP: 1/33 [Terence (4)]
  1268 | D:2      | Slain by a bat

Illustrated notes

Levels and vault maps discovered:
D:1:      lemuel_arrival_hallway, layout_loops_corners
D:2:      layout_loops_cross, serial_forest, infiniplex_forest_end_double,
          infiniplex_forest_clump_double, infiniplex_forest_clump_small,
          infiniplex_forest_corner_2, infiniplex_forest_join, basic_altar,
          dilly_ecumenical_altar_fadedgnrine, uniq_terence

Skill      XL: |  1  2 |
---------------+-------+-----
Slings         | 1 |  1.1
Fighting       | |  3.7
Armour         | |  0.7
Dodging        | |  2.8
Stealth        | |  2.1
Unarmed Combat | |  3.2

Action                   || total
-------------------------++-------
Melee: Unarmed           ||    72
Throw: Stone             ||     7
  Use: Potion            ||     1
 Stab: Sleeping          ||     2
Armor: Robe              ||    16
Dodge: Dodged            ||    68

Table legend: (Time is in decaauts)
 A = Elapsed time spent in this place.
 B = Non-inter-level travel time spent in this place.
 C = Inter-level travel time spent in this place.
 D = Time resting spent in this place.
 E = Time spent auto-exploring this place.
 F = Levels seen in this place.
 G = Mean time per level.
                   A        B        C        D        E       F      G
               +--------+--------+--------+--------+--------+-----+--------+
         Total |   1263 |   1102 |    161 |      0 |    885 |   2 |  631.5 |
       Dungeon |   1263 |   1102 |    161 |      0 |    885 |   2 |  631.5 |
               +--------+--------+--------+--------+--------+-----+--------+

Top non-repeatable levels by time:
     D:1: 1195 daAuts
     D:2: 67 daAuts
